 Dungeon Crawl Stone Soup version 0.31.0-9-g3a7656b989 (webtiles) character file.

Game seed: 15610769277662390305

807 Malachi the Ruffian (level 7, 0/51 HPs)
             Began as a Merfolk Shapeshifter on Jan 30, 2024.
             Was a Believer of Trog.
             Slain by a two-headed ogre
             ... wielding a +0 giant spiked club
              (16 damage)
             ... on level 5 of the Dungeon.
             The game lasted 00:05:17 (3943 turns).

Malachi the Ruffian (Merfolk Shapeshifter)          Turns: 3943, Time: 00:05:18

Health: 0/51       AC:  7    Str: 16    XL:     7   Next: 92%
Magic:  0/7        EV: 13    Int:  5    God:    Trog [**....]
Gold:   257        SH:  0    Dex: 14    Spells: 6/6 levels left

rFire   . .          .
                       - Unarmed
rCold   + + +        (no shield)
rNeg    . . .        f - +4 leather armour of Least Resistance {Harm rPois rC+++ Int-4}
rPois   +            (helmet currently unavailable)
rElec   .            (cloak currently unavailable)
rCorr   .            (gloves currently unavailable)
SInv    .            (boots currently unavailable)
Will    .....        q - amulet of guardian spirit
Stlth   +            n - ring of poison resistance
HPRegen 0.28/turn    i - ring of flight
MPRegen 0.10/turn

%: harm (+30% outgoing, +20% incoming), guardian spirit
@: beast-form, on berserk cooldown, flying, slowed, very slow
A: beast (slay +3), (nimble swimmer 2), mertail
a: Begin Untransformation, Renounce Religion, Berserk, Trog's Hand


You were on level 5 of the Dungeon.
You worshipped Trog.
Trog was pleased with you.
You were a hulking beast.
You visited 1 branch of the dungeon, and saw 5 of its levels.

You collected 257 gold pieces.

Inventory:

Armour
 f - the +4 leather armour of Least Resistance (worn) {Harm rPois rC+++ Int-4}
   (You found it on level 3 of the Dungeon)

   Int-4:     It affects your intelligence (-4).
   rC+++:     It renders you almost immune to cold.
   rPois:     It protects you from poison Harm: It increases damage dealt and
   taken.
 j - a +1 hat
 l - a +1 cloak
 o - a +0 pair of boots
 u - a +0 ring mail
Jewellery
 i - a ring of flight (right hand)
 n - a ring of poison resistance (left hand)
 q - an amulet of guardian spirit (around neck)
 s - a +6 ring of dexterity
Talismans
 c - a beast talisman
 d - a flux talisman
Scrolls
 e - 7 scrolls of identify
 g - 2 scrolls of fog
 k - a scroll of poison
 m - a scroll of silence {unknown}
 p - a scroll of teleportation {unknown}
 r - a scroll of enchant weapon {unknown}
Potions
 a - 3 potions of curing
 b - 4 potions of lignification
 h - a potion of magic
 t - a potion of might
 v - a potion of heal wounds {unknown}
 w - a potion of cancellation {unknown}


   Skills:
 + Level 2.6 Fighting
 + Level 2.0 Armour
 + Level 5.0 Dodging
 - Level 0.6 Stealth
 + Level 7.0 Unarmed Combat
 * Level 6.1 Shapeshifting


You had 6 spell levels left.
You didn't know any spells.
Your spell library contained the following spells:

 Spells                   Type           Power      Damage    Failure   Level
 Fugue of the Fallen      Necr           0%         N/A       89%         3
 Ozocubu's Armour         Ice            0%         N/A       89%         3
 Manifold Assault         Tloc           0%         N/A       100%        4


Dungeon Overview and Level Annotations

Branches:
Dungeon (5/15)
 Temple: D:4-7

Altars:
Trog


Innate Abilities, Weirdness & Mutations

You are a hulking beast.
Your limbs bulge with bestial killing power. (Slay +3)
((You are very nimble when in or above water. (Stealth+, EV+, Speed+++)))
Your lower body shifts to a powerful aquatic tail in water.


Message History

Trog accepts your kill.
No target in view!
No target in view!
k - 2 scrolls labelled YPHEOG QYGUJOF (gained 1)
You see here 8 stones.
w - a viscous ruby potion A two-headed ogre comes into view.
It is wielding two +0 giant spiked clubs.
The two-headed ogre shouts in stereo!
The two-headed ogre moves out of view.
An iguana comes into view.
An iguana is nearby!
An iguana is nearby!
Found a runed fluorescent wand and 15 gold pieces.
The iguana hisses angrily.
The two-headed ogre barely misses you.
The two-headed ogre hits you with a +0 giant spiked club!!
Ouch! That really hurt!
You are too injured to fight recklessly!
You are too injured to fight recklessly!
You are too injured to fight recklessly!
You are too injured to fight recklessly!
Unknown command.
Okay, then.
A red film seems to cover your vision as you go berserk!
You feel yourself moving faster!
You feel mighty!
You feel a strong urge to attack something.
You feel your anger nearly subside.
You are no longer berserk.
You are exhausted.
You feel yourself slow down.
As you read the scroll labelled XUTAET LUUL, it crumbles to dust.
It is a scroll of identify.
g - 2 scrolls of fog The two-headed ogre hits you with a +0 giant spiked club!
The two-headed ogre closely misses you. The iguana attacks as it pursues you!
The iguana bites you.
The air fills with toxic fumes!
As you read the scroll labelled YPHEOG QYGUJOF, it crumbles to dust.
It was a scroll of poison.
The two-headed ogre closely misses you.
The two-headed ogre hits you with a +0 giant spiked club!
You die...

.>......#####........ .#...
##......#.#§#§§§§§§§# §§...# .
.#.))......§§§§§§§#§##§§...#..
............§§§§§§#§§§§§...$..
.#.).........§§§§§§§§§§##/....
##.......§>...§§§§§§§§§#.....#
#........§§§..#§§§§§§§#§......
#........§§§§§##§Ol§§§§§......
.........§§§§§§§h#####........
....##.#.§§§§§§§§§§§##....##.#
..###..##§§§§§§§§§§§##.....#
.......##§§§§§§§§§§§§§.......
....#..#.§§§§§§§§§§§§§§§......
..######.§§§§§§§§§§§§§§§......
.## ####§§§§§§§§§§§§§...... ##
#§§§§§§§§§§§§§§.. .
#................


You could see a two-headed ogre and an iguana.

Vanquished Creatures
  Grinder (D:3)
  A black bear (D:4)
  A scorpion (D:4)
  2 bombardier beetles (D:4)
  2 hounds (D:4)
  A jelly (D:4)
  Crazy Yiuf (D:3)
  2 sleepcaps
  11 adders
  3 gnolls (D:5)
  3 dart slugs
  2 ribbon worms
  9 orcs
  12 bats
  6 endoplasms
  5 giant cockroaches
  A goblin (D:3)
  6 hobgoblins
  3 jackals (D:2)
  4 quokkas
  12 ball pythons
  A frilled lizard (D:3)
  6 kobolds
  4 rats
99 creatures vanquished.

Notes
Turn   | Place    | Note
-------+----------+-------------------------------------------
     0 | D:1      | Malachi the Merfolk Shapeshifter began the quest for the
                  | Orb.
     0 | D:1      | Reached XP level 1. HP: 15/15 MP: 1/1
   172 | D:1      | Reached XP level 2. HP: 17/21 MP: 2/2
   441 | D:1      | Reached XP level 3. HP: 26/26 MP: 3/3
   847 | D:2      | Reached skill level 4 in Unarmed Combat
  1087 | D:2      | Found a faded altar of an unknown god.
  1229 | D:2      | Reached XP level 4. HP: 17/32 MP: 4/4
  1401 | D:2      | Prayed at the altar of an unknown god.
  1401 | D:2      | Became a worshipper of Trog the Wrathful
  1401 | D:2      | Reached * piety under Trog
  1915 | D:3      | Reached XP level 5. HP: 38/38 MP: 5/5
  2232 | D:3      | Found a runed translucent door.
  2233 | D:3      | Noticed Crazy Yiuf
  2372 | D:3      | Reached ** piety under Trog
  2424 | D:3      | Noticed Grinder
  2451 | D:3      | Killed Grinder
  2452 | D:3      | Reached skill level 5 in Unarmed Combat
  2452 | D:3      | Reached skill level 5 in Shapeshifting
  2452 | D:3      | Reached XP level 6. HP: 37/44 MP: 6/6
  2724 | D:3      | Identified the +4 leather armour of Least Resistance {Harm
                  | rPois rC+++ Int-4}
  2909 | D:3      | Killed Crazy Yiuf
  2983 | D:4      | Noticed a black bear
  2995 | D:4      | Killed a black bear
  2996 | D:4      | Reached skill level 1 in Armour
  2996 | D:4      | Reached skill level 6 in Unarmed Combat
  2996 | D:4      | Reached XP level 7. HP: 33/50 MP: 7/7
  3483 | D:4      | Reached skill level 5 in Dodging
  3614 | D:4      | Found a glowing drain.
  3838 | D:5      | Entered Level 5 of the Dungeon
  3901 | D:5      | Reached skill level 7 in Unarmed Combat
  3931 | D:5      | Noticed a two-headed ogre
  3943 | D:5      | Slain by a two-headed ogre

Illustrated notes

Levels and vault maps discovered:
D:1:      minmay_arrival_stair_chambers, layout_basic, st_stairs_11
D:2:      layout_basic, hellmonk_ecumenical_altar_lost_god
D:3:      layout_loops_ring, uniq_grinder, uniq_crazy_yiuf_cottage
D:4:      layout_basic, portal_sewer_entry_e
D:5:      layout_cave_pools, serial_park_tiny_pond, uniq_prince_ribbit1

Skill      XL: |  1  2  3  4  5  6  7 |
---------------+----------------------+-----
Dodging        | 3 4 5 |  5.0
Unarmed Combat | 4 5 6 7 |  7.0
Fighting       | 2 |  2.6
Shapeshifting  | 5 6 |  6.1
Armour         | 1 2 |  2.0
Stealth        | |  0.6

Action                     |  1- 3 |  4- 6 |  7- 9 || total
---------------------------+-------+-------+-------++-------
  Melee: Unarmed           |    93 |   109 |    70 ||   272
         Punch             |     2 |     2 |     3 ||     7
 Invoke: Berserk           |       |     2 |     1 ||     3
    Use: Potion            |       |     8 |       ||     8
         Scroll            |       |       |     2 ||     2
   Stab: Sleeping          |     1 |     2 |     1 ||     4
 Armour: Animal skin       |    58 |    18 |       ||    76
         Ring mail         |       |    33 |       ||    33
         Skin              |       |     2 |       ||     2
         Leather armour    |       |    15 |    39 ||    54
  Dodge: Dodged            |    61 |    60 |    38 ||   159
